 Dungeon Crawl Stone Soup version 0.29-a0-813-g4a14ea37d6 (webtiles) character file.

Game seed: 9084438562318890997

9 polve the Chopper (level 2, 0/23 HPs)
             Began as a Demonspawn Gladiator on July 4, 2022.
             Slain by a quokka (4 damage)
             ... on level 1 of the Dungeon.
             The game lasted 00:00:17 (288 turns).

polve the Chopper (Demonspawn Gladiator)             Turns: 288, Time: 00:00:17

Health: 0/23       AC:  6    Str: 14    XL:     2   Next: 6%
Magic:  2/2        EV: 12    Int:  9    God:
Gold:   22         SH:  0    Dex: 14    Spells: 1/1 levels left

rFire   . . .      SeeInvis .   a - +0 war axe
rCold   . . .      Faith    .   (no shield)
rNeg    . . .      Spirit   .   b - +0 leather armour
rPois   .          Reflect  .   c - +0 helmet
rElec   .          Harm     .   (no cloak)
rCorr   .          Rampage  .   (no gloves)
Will    .....                   (no boots)
Stlth   +.........              (no amulet)
HPRegen 0.07/turn               (no ring)
MPRegen 0.08/turn               (no ring)

@: no status effects
A: icy blue scales 1
a: no special abilities


You were on level 1 of the Dungeon.
You visited 1 branch of the dungeon, and saw 1 of its levels.

You collected 22 gold pieces.

Inventory:

Hand Weapons
 a - a +0 war axe (weapon)
Missiles
 d - 3 throwing nets (quivered)
 e - a javelin
Armour
 b - a +0 leather armour (worn)
 c - a +0 helmet (worn)
 h - a +0 cloak
Scrolls
 i - a scroll of vulnerability {unknown}
Potions
 f - 2 potions of attraction {unknown}
 g - 2 potions of brilliance {unknown}


   Skills:
 + Level 2.4 Fighting
 + Level 3.0 Axes
 - Level 1.7 Throwing
 - Level 2.6 Dodging


You had one spell level left.
You didn't know any spells.
Your spell library was empty.

Dungeon Overview and Level Annotations

Branches:
Dungeon (1/15)

Altars:


Innate Abilities, Weirdness & Mutations

You are partially covered in icy blue scales. (AC +2)


Message History

The quokka completely misses you. The quokka misses you.
The quokka closely misses you. The quokka misses you.
The quokka twitches its whiskers.
The quokka bites you. The quokka barely misses you.
The quokka barely misses you. The quokka barely misses you.
The quokka bites you. The quokka closely misses you.
The quokka barely misses you. The quokka closely misses you.
The quokka barely misses you. The quokka misses you.
The quokka closely misses you. The quokka bites you.
The quokka completely misses you. The quokka bites you.
The quokka closely misses you. The quokka completely misses you.
The quokka bites you. The quokka bites you.
* * * LOW HITPOINT WARNING * * *
The quokka misses you. The quokka closely misses you.
The quokka closely misses you. The quokka misses you.
The quokka closely misses you.
The quokka bites you but does no damage.
The quokka barely misses you. The quokka barely misses you.
The quokka closely misses you.
The quokka bites you but does no damage. x2
The quokka misses you.
The quokka bites you but does no damage.
The quokka barely misses you. The quokka bites you.
* * * LOW HITPOINT WARNING * * *
The quokka bites you but does no damage. x2
The quokka bites you.
* * * LOW HITPOINT WARNING * * *
The quokka bites you but does no damage.
The quokka bites you.
You die...

# ###..# # .#..# # #
....# ## ###.# # #...#
.......##### # #... ^
.........
##.###..######.#.###.#.#
#...$...r......#.###.#.#
#.....@#######...#.....
##.##.........#.#...#.#
#....#####.##.##..#†#
#[###.# #..##........ #.
#.# #...####.###. #. #.#
#.##..##..# . . #.##.#
##.....# . #.##> #..####
. ..## #.### .


You could see a quokka.

Vanquished Creatures
  A ball python (D:1)
  A bat (D:1)
  A giant cockroach (D:1)
  2 goblins (D:1)
  A hobgoblin (D:1)
  2 rats (D:1)
8 creatures vanquished.

Notes
Turn   | Place    | Note
-------+----------+-------------------------------------------
     0 | D:1      | polve the Demonspawn Gladiator began the quest for the Orb.
     0 | D:1      | Reached XP level 1. HP: 16/16 MP: 1/1
   195 | D:1      | Reached skill level 3 in Axes
   197 | D:1      | Gained mutation: You are partially covered in icy blue
                  | scales. (AC +2) [demonic ancestry]
   197 | D:1      | Reached XP level 2. HP: 23/23 MP: 2/2
   288 | D:1      | Slain by a quokka

Illustrated notes

Levels and vault maps discovered:
D:1:      lightli_arrival_windingriver, layout_loops_ring, minmay_surrounded

Skill      XL: |  1 |
---------------+----+-----
Axes           | 3 |  3.0
Fighting       | |  2.4
Throwing       | |  1.7
Dodging        | |  2.6

Action                   || total
-------------------------++-------
Melee: War axe           ||    20
Armor: Leather armour    ||    14
Dodge: Dodged            ||    47

Table legend: (Time is in decaauts)
 A = Elapsed time spent in this place.
 B = Non-inter-level travel time spent in this place.
 C = Inter-level travel time spent in this place.
 D = Time resting spent in this place.
 E = Time spent auto-exploring this place.
 F = Levels seen in this place.
 G = Mean time per level.
                   A        B        C        D        E       F      G
               +--------+--------+--------+--------+--------+-----+--------+
         Total |    296 |    296 |      0 |      0 |    190 |   1 |  296.0 |
       Dungeon |    296 |    296 |      0 |      0 |    190 |   1 |  296.0 |
               +--------+--------+--------+--------+--------+-----+--------+

Top non-repeatable levels by time:
     D:1: 296 daAuts
